 Dungeon Crawl Stone Soup version 0.23-a0-681-g26ad783 (webtiles) character file.

7500 XanderDroid the Cleaver (level 10, 0/93 HPs)
             Began as a Minotaur Berserker on Jan 10, 2019.
             Was a High Priest of Trog.
             Slain by a ynoxinul (1 damage)
             ... summoned by a kobold demonologist
             ... on level 11 of the Dungeon.
             The game lasted 00:30:35 (11191 turns).

XanderDroid the Cleaver (Minotaur Berserker)       Turns: 11191, Time: 00:30:36

Health: 0/93       AC: -9    Str: 23    XL:     10   Next: 95%
Magic:  0/9        EV:  2    Int:  4    God:    Trog [*****.]
Gold:   470        SH:  0    Dex: 12    Spells: 9/9 levels left

rFire    + . .     SeeInvis .   a - +0 hand axe (chop)
rCold    . . .     Gourm    .   (no shield)
rNeg     + + +     Faith    .   q - +0 chain mail
rPois    ∞         Spirit   +   (helmet restricted)
rElec    .         Reflect  .   B - +0 cloak
rCorr    .         Harm     .   s - +0 pair of gloves
MR       .....                  (no boots)
Stlth    ..........             p - amulet of guardian spirit
HPRegen  0.25/turn              z - ring of protection from fire
MPRegen  0.11/turn              (no ring)

@: petrified, corroded
A: retaliatory headbutt, horns 2
a: Berserk, Trog's Hand, Brothers in Arms, Renounce Religion


You were on level 11 of the Dungeon.
You worshipped Trog.
Trog was extremely pleased with you.
You were hungry.

You visited 2 branches of the dungeon, and saw 12 of its levels.

You collected 470 gold pieces.

Inventory:

Hand Weapons
 a - a +0 hand axe of chopping (weapon)
 b - a +3 morningstar
Missiles
 u - 10 javelins (quivered)
Armour
 q - a +0 chain mail (worn)
 s - a +0 pair of gloves (worn)
 B - a +0 cloak (worn)
Jewellery
 p - an amulet of guardian spirit (around neck)
 z - a ring of protection from fire (left hand)
Wands
 C - a wand of iceblast (6)
Scrolls
 d - 2 scrolls of magic mapping {unknown}
 e - 2 scrolls of random uselessness {unknown}
 f - 2 scrolls of immolation {unknown}
 i - 3 scrolls of remove curse
 m - 6 scrolls of teleportation
 o - 6 scrolls of enchant weapon
 r - a scroll of blinking {unknown}
 w - 3 scrolls of fog
 x - a scroll of holy word {unknown}
 y - 3 scrolls of amnesia {unknown}
 A - a scroll of silence {unknown}
 F - a scroll of enchant armour {unknown}
Potions
 g - a potion of berserk rage {unknown}
 h - a potion of brilliance {unknown}
 j - 3 potions of mutation
 k - 3 potions of lignification
 l - a potion of degeneration {unknown}
 n - a potion of haste {unknown}
 t - 4 potions of curing
 v - 3 potions of heal wounds {unknown}
 D - a potion of might {unknown}
Comestibles
 c - 17 rations


   Skills:
 + Level 9.8 Fighting
 * Level 12.9 Axes
 + Level 9.3 Armour
 + Level 8.6 Dodging


You had 9 spell levels left.
You didn't know any spells.
Your spell library was empty.

Dungeon Overview and Level Annotations

Branches:
Dungeon (11/15)            Temple (1/1) D:7             Orc (0/2) D:10
   Lair: D:8-11

Altars:
Ashenzari
Cheibriados
Dithmenos
Elyvilon
Fedhas
Gozag
Hepliaklqana
Kikubaaqudgha
Makhleb
Nemelex Xobeh
Okawaru
Qazlal
Ru
Sif Muna
Trog
Uskayaw
Vehumet
Wu Jian
Xom
Yredelemnul
Zin
The Shining One

Annotations:
D:8 4 runed doors


Innate Abilities, Weirdness & Mutations

You reflexively headbutt those who attack you in melee.
You have a pair of horns on your head.


Message History

The rust devil corrodes you! The big kobold hits you.
* * * LOW HITPOINT WARNING * * *
The kobold demonologist hits you with a +0 dagger.
* * * LOW HITPOINT WARNING * * *
The ynoxinul hits you.
* * * LOW HITPOINT WARNING * * *
The iron imp hits you.
* * * LOW HITPOINT WARNING * * *
The shadow imp hits you.
* * * LOW HITPOINT WARNING * * *
The chaos spawn hits you.
* * * LOW HITPOINT WARNING * * *
The chaos spawn shocks you!
* * * LOW HITPOINT WARNING * * *
The rust devil hits you!
* * * LOW HITPOINT WARNING * * *
The rust devil corrodes you! The big kobold hits you.
The kobold demonologist completely misses you.
The ynoxinul hits you.
You die...

#########
#543..((#####
+K@...)('...#
#45K..)[###.#
#.5.....# ...
#.......#
##K#
#.......# ..!
#.......#


#KK #.......# #4# #.......# .# ####.#### You could see a rust devil, a kobold
demonologist, a ynoxinul, a chaos spawn, a big kobold, an iron imp and 2 shadow
imps.

Vanquished Creatures
  An unseen horror (D:10)
  A deep elf mage (D:10)
  A centaur zombie (D:10)
  Psyche (D:8)
  A centaur skeleton (D:10)
  A kobold demonologist (D:11)
  A merfolk (D:10)
  A hornet (D:9)
  A hippogriff (D:9)
  A wraith (D:10)
  2 wyverns
  A yak (D:10)
  A hungry ghost (D:7)
  A water moccasin (D:7)
  An orc warrior (D:10)
  4 sky beasts
  A black bear (D:9)
  A hornet zombie (D:8)
  6 ogres
  A phantom (D:6)
  4 centaurs
  7 bullfrogs
  4 big kobolds
  2 scorpions
  3 howler monkeys
  4 crimson imps
  3 quasits
  9 hounds
  A gnoll shaman (D:7)
  7 orc priests
  A bullfrog skeleton (D:6)
  4 iguanas
  5 orc wizards
  5 worker ants
  2 hound skeletons (D:5)
  4 gnolls (D:7)
  12 adders
  3 shadow imps
  An ooze (D:2)
  2 adder zombies
  2 adder skeletons
  4 worms
  3 dart slugs
  5 leopard geckos
  36 orcs
  11 bats
  A bat skeleton (D:2)
  6 giant cockroaches
  10 goblins
  4 hobgoblins
  7 jackals
  6 quokkas
  3 ball pythons
  4 frilled lizards
  29 kobolds
  A leopard gecko zombie (D:5)
  A quokka zombie (D:10)
  10 rats
255 creatures vanquished.

Vanquished Creatures (others)
  A rat (D:1)
1 creature vanquished.

Grand Total: 256 creatures vanquished

Notes
Turn   | Place    | Note
-------+----------+-------------------------------------------
     0 | D:1      | XanderDroid the Minotaur Berserker began the quest for the
                  | Orb.
     0 | D:1      | Reached XP level 1. HP: 19/19 MP: 0/0
   190 | D:1      | Reached XP level 2. HP: 22/27 MP: 1/1
   193 | D:1      | Reached skill level 4 in Axes
   508 | D:1      | Reached XP level 3. HP: 33/33 MP: 2/2
  1114 | D:2      | Reached ** piety under Trog
  1120 | D:2      | Reached XP level 4. HP: 40/40 MP: 3/3
  1604 | D:2      | Reached skill level 5 in Axes
  1850 | D:2      | Reached XP level 5. HP: 14/47 MP: 1/4
  2891 | D:4      | Found a hazy altar of Hepliaklqana.
  3039 | D:4      | Reached *** piety under Trog
  3139 | D:4      | Noticed an ogre
  3143 | D:4      | Killed an ogre
  3143 | D:4      | Reached skill level 5 in Fighting
  3143 | D:4      | Reached skill level 6 in Axes
  3143 | D:4      | Reached XP level 6. HP: 56/56 MP: 5/5
  3152 | D:4      | Found a burning altar of Makhleb.
  3667 | D:5      | Entered Level 5 of the Dungeon
  4089 | D:5      | Noticed a sky beast
  4112 | D:5      | Killed a sky beast
  4112 | D:5      | Reached XP level 7. HP: 44/61 MP: 4/6
  4423 | D:5      | Reached skill level 7 in Axes
  4724 | D:6      | Reached skill level 5 in Armour
  4873 | D:6      | Reached XP level 8. HP: 8/70 MP: 2/7
  5186 | D:6      | Reached skill level 5 in Dodging
  5230 | D:6      | Found an opulent altar of Gozag.
  5262 | D:6      | Reached skill level 8 in Axes
  5703 | D:6      | Reached **** piety under Trog
  6072 | D:7      | Reached skill level 9 in Axes
  6161 | D:7      | Found a staircase to the Ecumenical Temple.
  6179 | Temple   | Entered the Ecumenical Temple
  6616 | D:7      | Found an ancient bone altar of Kikubaaqudgha.
  6616 | D:7      | Found a shattered altar of Ashenzari.
  6785 | D:7      | Reached XP level 9. HP: 79/79 MP: 8/8
  6883 | D:7      | Reached skill level 10 in Axes
  7271 | D:8      | Found a huge runed gate.
  7273 | D:8      | Found a huge runed gate.
  7273 | D:8      | Found a huge runed gate.
  7273 | D:8      | Found a huge runed gate.
  7273 | D:8      | Noticed a polar bear
  7273 | D:8      | Noticed a death yak
  7364 | D:8      | Noticed Psyche
  7400 | D:8      | Killed Psyche
  7610 | D:8      | Reached ***** piety under Trog
  7872 | D:8      | Found a sacrificial altar of Ru.
  8374 | D:9      | Found a bloodstained altar of Trog.
  8411 | D:9      | Reached skill level 11 in Axes
  9071 | D:9      | Paralysed by a hornet for 2 turns
  9073 | D:9      | Reached XP level 10. HP: 41/90 MP: 3/9
  9566 | D:10     | Entered Level 10 of the Dungeon
  9698 | D:10     | Found a staircase to the Orcish Mines.
  9837 | D:10     | Reached skill level 12 in Axes
  9880 | D:10     | Killed an unseen horror
 10354 | D:10     | Noticed a deep elf mage
 10395 | D:10     | Killed a deep elf mage
 10791 | D:11     | Noticed a rust devil
 10802 | D:11     | Noticed a sixfirhy
 10828 | D:11     | HP: 3/93 [red devil/+2 trident of protection[a kobold
                  | demonologist] (9)]
 11178 | D:11     | Noticed a rust devil
 11191 | D:11     | HP: 1/93 [rust devil[a kobold demonologist] (4)]
 11191 | D:11     | Slain by a ynoxinul

Vault maps used:
D:1:      nzn_arrival_depleted_hourglass, nrook_mini_backslash,
          roderic_serpentine_path, wad_floor_pattern_1, chequers_garden,
          chequers_serial_rivers_large_a
D:2:      first_ration, st_stairs_5, minmay_close_crescents
D:4:      overflow_temple_1_default, lemuel_coloured_pillars_altar
D:6:      grunt_gozag_breadcrumbs
D:7:      gammafunk_temple_overflow_statue, minmay_temple_entry_offerings
D:8:      lemuel_bear_cage, kennysheep_mini_moat, uniq_psyche
D:9:      marbit_many_paths
D:10:     cheibrodos_barr_body, david_orc_2, hangedman_stone_soup
D:11:     erik_lair_dragon, minmay_misc_feat_enclosed, bloody_trog
Temple:   regret_index_temple_generic_petals

Skill      XL: |  1  2  3  4  5  6  7  8  9 10 |
---------------+-------------------------------+-----
Axes           | 4 5 6 7 9 11 12 | 12.9
Fighting       | 4 5 6 7 8 9 |  9.8
Armour         | 3 4 5 6 8 9 |  9.3
Dodging        | 3 4 6 7 8 |  8.6

Action                   |  1- 3 |  4- 6 |  7- 9 | 10-12 || total
-------------------------+-------+-------+-------+-------++-------
Melee: Hand axe          |    63 |   146 |   441 |   210 ||   860
       Headbutt          |    11 |    27 |    76 |    53 ||   167
Invok: Berserk           |       |     1 |     4 |     4 ||     9
  Use: Scroll            |       |     5 |     3 |       ||     8
  Eat: Chunk             |     1 |     6 |    14 |     7 ||    28
       Ration            |       |     1 |     2 |     1 ||     4
Armor: Animal skin       |    14 |       |       |       ||    14
       Leather armour    |       |    15 |       |       ||    15
       Chain mail        |       |    45 |   230 |   120 ||   395
Dodge: Dodged            |    38 |    69 |   212 |   129 ||   448

Table legend:
 A = Non-vault XP
 B = Vault XP
 C = Vault XP percentage of total XP
 D = Non-vault monster count
 E = Vault monster count
 F = Vault count percentage of total count
                 A         B        C        D         E       F
            +---------+---------+-------+---------+---------+-------
      Total |    7291 |    3424 |  32.0 |     224 |      31 |  12.2
            +---------+---------+-------+---------+---------+-------
        D:1 |      47 |       0 |   0.0 |      26 |       0 |   0.0
        D:2 |     143 |      29 |  16.9 |      35 |       8 |  18.6
        D:3 |      37 |       0 |   0.0 |      13 |       0 |   0.0
        D:4 |     296 |       0 |   0.0 |       9 |       0 |   0.0
        D:5 |     464 |       0 |   0.0 |      26 |       0 |   0.0
        D:6 |    1124 |       0 |   0.0 |      28 |       0 |   0.0
        D:7 |    1329 |       0 |   0.0 |      27 |       0 |   0.0
        D:8 |     765 |     434 |  36.2 |      21 |       1 |   4.5
        D:9 |    1290 |      72 |   5.3 |      17 |       1 |   5.6
       D:10 |    1203 |    2889 |  70.6 |      16 |      21 |  56.8
       D:11 |     593 |       0 |   0.0 |       6 |       0 |   0.0
            +---------+---------+-------+---------+---------+-------
